 Dungeon Crawl Stone Soup version 0.27.0-1-g7a089689b8 (webtiles) character file.

Game seed: 8510813289151721091

173 rogsnak the Firebug (level 5, -5/36 HPs)
             Began as a Demonspawn Fire Elementalist on Aug 2, 2021.
             Slain by jasper's ghost (10 damage)
             ... on level 2 of the Dungeon.
             The game lasted 00:07:10 (3232 turns).

rogsnak the Firebug (Demonspawn Fire Elementalist)  Turns: 3232, Time: 00:07:11

Health: -5/36      AC:  3    Str:  9    XL:     5   Next: 28%
Magic:  0/9        EV: 12    Int: 17    God:
Gold:   118        SH:  0    Dex: 13    Spells: 9/10 levels left

rFire    . . .     SeeInvis .   h - +0 war axe
rCold    . . .     Faith    .   (no shield)
rNeg     . . .     Spirit   .   a - +0 robe
rPois    .         Reflect  .   (no helmet)
rElec    .         Harm     .   (no cloak)
rCorr    .         Rampage  .   (no gloves)
Will     .....                  (no boots)
Stlth    ++........             (no amulet)
HPRegen  0.12/turn              (no ring)
MPRegen  0.11/turn              (no ring)

@: no status effects
A: rugged brown scales 1
a: no special abilities


You were on level 2 of the Dungeon.
You visited 1 branch of the dungeon, and saw 3 of its levels.

You collected 118 gold pieces.

Inventory:

Hand Weapons
 c - a +0 club
 d - a +0 whip
 h - a +0 war axe (weapon)
Missiles
 e - 66 stones
 m - 2 throwing nets
 n - 2 curare-tipped darts
 v - 4 poisoned darts
Armour
 a - a +0 robe (worn)
Magical Staves
 l - a staff of cold
Wands
 o - a wand of mindburst (17)
Scrolls
 b - 3 scrolls of amnesia {unknown}
 f - a scroll of teleportation {unknown}
 i - a scroll of brand weapon {unknown}
 r - a scroll of torment {unknown}
 s - a scroll of fear {unknown}
 w - a scroll of identify {unknown}
Potions
 g - a potion of might {unknown}
 j - a potion of haste {unknown}
 k - a potion of curing {unknown}
 p - a potion of mutation {unknown}
 q - a potion of heal wounds {unknown}
 t - a potion of ambrosia {unknown}
 u - a potion of berserk rage {unknown}


   Skills:
 + Level 0.2 Fighting
 + Level 2.0 Dodging
 - Level 1.7 Stealth
 + Level 3.1 Spellcasting
 * Level 3.0 Conjurations
 + Level 3.8 Fire Magic


You had 9 spell levels left.
You knew the following spells:

 Your Spells              Type           Power      Damage    Failure   Level
a - Foxfire               Conj/Fire      56%        2x1d6     4%          1

Your spell library contained the following spells:

 Spells                   Type           Power      Damage    Failure   Level
 Conjure Flame            Conj/Fire      14%        6-21      13%         3
 Summon Small Mammal      Summ           8%         N/A       17%         1
 Inner Flame              Hex/Fire       9%         N/A       24%         3
 Sticky Flame             Conj/Fire      14%        2d4       38%         4
 Call Canine Familiar     Summ           2%         N/A       45%         3
 Summon Guardian Golem    Hex/Summ       2%         N/A       45%         3
 Fireball                 Conj/Fire      7%         3d5       75%         5


Dungeon Overview and Level Annotations

Branches:
Dungeon (3/15)

Altars:
Nemelex Xobeh

Annotations:
D:2 jasper's ghost, amateur DsWr


Innate Abilities, Weirdness & Mutations

You are partially covered in rugged brown scales. (AC +1, +3% HP)


Message History

Jasper's ghost barely misses you.
Casting: Foxfire (safe; 4% risk of failure)
Confirm with . or Enter, or press ? or * to list all spells.
You conjure some foxfire!
The foxfire hits jasper's ghost.
Jasper's ghost is heavily damaged.
The foxfire hits jasper's ghost but does no damage.
Jasper's ghost is heavily damaged.
Jasper's ghost hits you!
Casting: Foxfire (safe; 4% risk of failure)
Confirm with . or Enter, or press ? or * to list all spells.
You conjure some foxfire!
The foxfire hits jasper's ghost.
Jasper's ghost is heavily damaged.
The foxfire hits jasper's ghost.
Jasper's ghost is severely damaged.
Jasper's ghost closely misses you.
Casting: Foxfire (safe; 4% risk of failure)
Confirm with . or Enter, or press ? or * to list all spells.
You conjure some foxfire!
The foxfire hits jasper's ghost.
Jasper's ghost is severely damaged.
The foxfire hits jasper's ghost but does no damage.
Jasper's ghost is severely damaged.
Jasper's ghost hits you!
You hit jasper's ghost.
Jasper's ghost is severely damaged.
The foxfire hits jasper's ghost but does no damage.
Jasper's ghost is severely damaged.
The foxfire hits jasper's ghost.
Jasper's ghost is severely damaged.
Jasper's ghost hits you!
* * * LOW HITPOINT WARNING * * *
Jasper's ghost hits you but does no damage.
You barely miss jasper's ghost.
Jasper's ghost is severely damaged.
Jasper's ghost hits you.
* * * LOW HITPOINT WARNING * * *
Unknown command.
You miss jasper's ghost.
Jasper's ghost is severely damaged.
Jasper's ghost hits you!
You die...

#.#
##.######.###.########.#
#.# #)# #.# #.# #.#
###.####.# ####># #.## #.#
.........###.)).# #..# #.#
###.......##.##.# ##÷##
#.# #
#########8.8#####8.8# ##.#
# ##..)###...## #..# #
###..W....## #.## #
####.##..@..## #.# #
#.....##8.8## #†# #
#......##### #.# #
#<..†..# #.# #
#.....######### #.# #
#.............# #.# #####
###..########.######.#####
....# #..#
#####............. ###.#
#..####.............#.##


You could see jasper's ghost.

Vanquished Creatures
  Ijyb (D:3)
  4 gnolls (D:2)
  3 adders
  A worm (D:1)
  3 dart slugs
  5 orcs (D:3)
  9 endoplasms
  4 giant cockroaches
  12 hobgoblins
  3 quokkas
  3 ball pythons
  4 bats
  3 frilled lizards
  3 goblins
  7 kobolds
  6 rats
71 creatures vanquished.

Vanquished Creatures (others)
  241 foxfires
241 creatures vanquished.

Grand Total: 312 creatures vanquished

Notes
Turn   | Place    | Note
-------+----------+-------------------------------------------
     0 | D:1      | rogsnak the Demonspawn Fire Elementalist began the quest
                  | for the Orb.
     0 | D:1      | Reached XP level 1. HP: 13/13 MP: 3/3
   330 | D:1      | Found a faded altar of an unknown god.
   339 | D:1      | Gained mutation: You are partially covered in rugged brown
                  | scales. (AC +1, +3% HP) [demonic ancestry]
   339 | D:1      | Reached XP level 2. HP: 13/19 MP: 3/5
   970 | D:2      | Reached XP level 3. HP: 24/24 MP: 0/6
  1161 | D:2      | Found a sparkling altar of Nemelex Xobeh.
  1612 | D:2      | Reached XP level 4. HP: 30/30 MP: 5/8
  2225 | D:3      | Noticed Ijyb
  2266 | D:3      | Killed Ijyb
  2267 | D:3      | Reached XP level 5. HP: 19/36 MP: 0/9
  2579 | D:3      | Found a runed translucent gate.
  2579 | D:3      | Found a runed translucent gate.
  2579 | D:3      | Found a runed translucent gate.
  2616 | D:3      | Noticed jasper's ghost (amateur DsWr)
  3232 | D:2      | Slain by jasper's ghost

Illustrated notes

Levels and vault maps discovered:
D:1:      minmay_arrival_arboretum_small, layout_basic,
          chequers_ecumenical_altar_simple
D:2:      layout_loops_ring, basic_altar, grunt_ministairs_8
D:3:      layout_rooms, gammafunk_ghost_nasty_kobolds,
          kennysheep_generic_room_6, uniq_ijyb

Skill      XL: |  1  2  3  4  5 |
---------------+----------------+-----
Fire Magic     | 3 |  3.8
Conjurations   | 2 3 |  3.0
Dodging        | 2 |  2.0
Spellcasting   | 3 |  3.1
Fighting       | |  0.2
Stealth        | |  1.7

Action                   |  1- 3 |  4- 6 || total
-------------------------+-------+-------++-------
Melee: Whip              |     7 |       ||     7
       War axe           |    13 |    17 ||    30
 Cast: Foxfire           |    66 |    79 ||   145
 Stab: Sleeping          |       |     1 ||     1
Armor: Robe              |     2 |     4 ||     6
Dodge: Dodged            |    11 |    16 ||    27
